 Dungeon Crawl Stone Soup version 0.30.0 (webtiles) character file.

Game seed: 9421031660469548267

409 brucejcooper the Digger (level 6, -4/36 HPs)
             Began as an Octopode Earth Elementalist on Sept 12, 2023.
             Was an Initiate of Sif Muna.
             Slain by an orc
             ... wielding a +0 trident
              (9 damage)
             ... on level 4 of the Dungeon.
             The game lasted 00:07:39 (2770 turns).

brucejcooper the Digger (OpEE)                      Turns: 2770, Time: 00:07:40

Health: -4/36      AC:  1    Str:  8    XL:     6   Next: 89%
Magic:  1/9        EV: 13    Int: 19    God:    Sif Muna [......]
Gold:   387        SH:  0    Dex: 12    Spells: 5/9 levels left

rFire   . . .        l - staff of poison
rCold   . . .        (no shield)
rNeg    . . .        (helmet restricted)
rPois   +            (no amulet)
rElec   .            (no ring)
rCorr   .            (no ring)
SInv    .            (no ring)
Will    .....        (no ring)
Stlth   +++          (no ring)
HPRegen 0.26/turn    (no ring)
MPRegen 0.11/turn    (no ring)
                     (no ring)

%: no passive effects
@: very slightly contaminated
A: almost no armour, amphibious, 8 rings, camouflage 1, gelatinous body 1,
(nimble swimmer 1), tentacles
a: Renounce Religion


You were on level 4 of the Dungeon.
You worshipped Sif Muna.
Sif Muna was noncommittal.
You visited 2 branches of the dungeon, and saw 4 of its levels.
You also visited: Ossuary.

You collected 387 gold pieces.

Inventory:

Hand Weapons
 i - a +0 dagger
Magical Staves
 l - a staff of poison (weapon)
Jewellery
 m - an amulet of guardian spirit
Wands
 r - a wand of quicksilver (2)
Scrolls
 b - a scroll of immolation
 e - 3 scrolls of blinking
 f - a scroll of identify {unknown}
 h - 3 scrolls of teleportation {unknown}
 o - a scroll of fear {unknown}
 t - a scroll of brand weapon {unknown}
Potions
 a - 2 potions of magic
 c - a potion of might {unknown}
 d - 2 potions of attraction {unknown}
 g - a potion of ambrosia {unknown}
 j - 2 potions of invisibility {unknown}
 k - 5 potions of curing {unknown}
 n - a potion of flight {unknown}
 p - a potion of mutation {unknown}
 q - 2 potions of degeneration {unknown}
 s - a potion of brilliance {unknown}


   Skills:
 - Level 2.0 Dodging
 - Level 2.6 Stealth
 - Level 2.0 Spellcasting
 * Level 2.4 Conjurations
 - Level 1.0 Transmutations
 + Level 7.0 Earth Magic


You had 5 spell levels left.
You knew the following spells:

 Your Spells              Type           Power      Damage    Failure   Level
a - Sandblast             Erth           56%        2d13      1%          1
b - Stone Arrow           Conj/Erth      38%        3d9       8%          3

Your spell library contained the following spells:

 Spells                   Type           Power      Damage    Failure   Level
 Passwall                 Tmut/Erth      14%        N/A       4%          2
 Apportation              Tloc           2%         N/A       17%         1
 Wereblood                Tmut           5%         N/A       17%         2
 Sublimation of Blood     Necr           1%         N/A       26%         2
 Petrify                  Tmut/Erth      17%        N/A       32%         4
 Alistair's Intoxication  Tmut/Pois      3%         N/A       98%         5
 Summon Hydra             Summ           0%         N/A       100%        7


Dungeon Overview and Level Annotations

Branches:
Dungeon (4/15)             Temple (1/1) D:4         Ossuary (visited)

Altars:
Ashenzari
Cheibriados
Dithmenos
Elyvilon
Fedhas
Gozag
Hepliaklqana
Makhleb
Nemelex Xobeh
Okawaru
Ru
Sif Muna
Trog
Uskayaw
Vehumet
Wu Jian
Xom
Yredelemnul
Zin

Annotations:
D:2 Robin
D:4 Blork the orc


Innate Abilities, Weirdness & Mutations

You cannot wear most types of armour.
You are amphibious.
You can wear up to eight rings at the same time.
Your skin changes colour to match your surroundings (Stealth+).
Your rubbery body absorbs attacks. (AC +1, EV +1)
((You are camouflaged when in or above water. (Stealth+)))
You have tentacles for arms and can constrict up to eight enemies at once.


Message History

Press: ? - help, Q - select action, (/) - cycle Shift-Dir - straight line, f/p - Blork the orc
Aim: Blork the orc, wielding a +0 glaive and wearing a +2 robe of willpower (lightly wounded, fast, 85% to hit)
The blast of sand hits Blork the orc!
Blork the orc is moderately wounded.
Blork the orc closely misses you. x2
Casting: Sandblast (safe; 1% risk of failure)
Confirm with . or Enter, or press ? or * to list all spells.
Aiming: Stone Arrow (dangerous; 8% risk of failure)
Press: ? - help, Shift-Dir - straight line, f/p - Blork the orc
Aim: Blork the orc, wielding a +0 glaive and wearing a +2 robe of willpower (moderately wounded, fast, 72% to hit)
You miscast Stone Arrow.
Nothing appears to happen.
Blork the orc misses you.
Aiming: Sandblast (safe; 1% risk of failure)
Press: ? - help, Q - select action, (/) - cycle Shift-Dir - straight line, f/p - Blork the orc
Aim: Blork the orc, wielding a +0 glaive and wearing a +2 robe of willpower (moderately wounded, fast, 85% to hit)
The blast of sand hits Blork the orc.
Blork the orc is heavily wounded.
Blork the orc closely misses you. Blork the orc misses you.
The orc hits you from afar with a +0 trident.
Blork the orc gestures at you while chanting.
The puff of flame misses you.
Aiming: Sandblast (safe; 1% risk of failure)
Press: ? - help, Q - select action, (/) - cycle Shift-Dir - straight line, f/p - Blork the orc
Aim: Blork the orc, wielding a +0 glaive and wearing a +2 robe of willpower (heavily wounded, fast, 85% to hit)
The blast of sand hits Blork the orc!
Blork the orc is almost dead.
Blork the orc closely misses you.
The orc hits you from afar with a +0 trident.
Blork the orc points at you and mumbles some strange words.
The puff of flame hits you! The orc misses you.
Unknown command.
Blork the orc looks satisfied for a moment.
Blork the orc casts a spell at you. The magic dart hits you.
The orc misses you.
There is a stone staircase leading up here.
Blork the orc barely misses you.
Blork the orc hits you from afar with a +0 glaive!
* * * LOW HITPOINT WARNING * * *
The orc hits you from afar with a +0 trident!
You die...

... #..#..#.#....#..#.....
....##.......#..#.#........
....=....###..##...#...)...
............#......)..####.
............##.......## #.
.................#..## ##
.$.....)o....###.##.#
........o...## #.##.
....#.....@.# ##.
[........#### ########## .


You could see Blork the orc (fast) and an orc.

Vanquished Creatures
  An ogre (D:4)
  A centaur zombie (Ossuary)
  A human zombie (Ossuary)
  A sleepcap (D:4)
  Natasha (thrice) (D:2)
  2 mummies (Ossuary)
  3 gnolls (D:4)
  2 adders
  A white imp (D:4)
  A worm (D:4)
  A dart slug (D:2)
  8 ball pythons
  5 bats (D:1)
  9 endoplasms (D:1)
  4 giant cockroaches
  2 gnoll zombies (Ossuary)
  4 hobgoblins
  5 jackals (D:1)
  5 quokkas
  2 frilled lizards
  3 goblins
  A goblin zombie (Ossuary)
  4 hobgoblin zombies (Ossuary)
  7 kobolds
  5 orc zombies (Ossuary)
  A rat (D:1)
82 creatures vanquished.

Notes
Turn   | Place    | Note
-------+----------+-------------------------------------------
     0 | D:1      | brucejcooper the Octopode Earth Elementalist began the
                  | quest for the Orb.
     0 | D:1      | Reached XP level 1. HP: 11/11 MP: 3/3
    70 | D:1      | Reached XP level 2. HP: 11/17 MP: 0/5
   337 | D:1      | Reached skill level 4 in Earth Magic
   407 | D:1      | Reached XP level 3. HP: 21/21 MP: 4/6
   411 | D:1      | Learned a level 3 spell: Stone Arrow
  1351 | D:2      | Noticed Natasha
  1354 | D:2      | Killed Natasha
  1355 | D:2      | Reached skill level 1 in Conjurations
  1355 | D:2      | Reached XP level 4. HP: 15/27 MP: 3/7
  1402 | D:2      | Noticed Natasha
  1454 | D:2      | Killed Natasha
  1455 | D:2      | Reached skill level 5 in Earth Magic
  1511 | D:2      | Noticed Natasha
  1520 | D:2      | Killed Natasha
  1521 | D:2      | Reached XP level 5. HP: 21/31 MP: 4/8
  1766 | D:2      | Noticed Robin
  1768 | D:2      | You fall into a shaft and drop 2 floors!
  1769 | D:4      | Found a staircase to the Ecumenical Temple.
  1793 | D:4      | Found a sand-covered staircase.
  1801 | D:4      | Noticed an ogre
  1803 | Ossuary  | Entered an ossuary
  2035 | Ossuary  | Reached skill level 6 in Earth Magic
  2035 | Ossuary  | Reached XP level 6. HP: 21/36 MP: 2/9
  2654 | D:4      | Reached skill level 7 in Earth Magic
  2665 | Temple   | Entered the Ecumenical Temple
  2735 | Temple   | Became a worshipper of Sif Muna the Loreminder
  2756 | D:4      | Noticed Blork the orc
  2770 | D:4      | Slain by an orc

Illustrated notes

Levels and vault maps discovered:
D:1:      lightli_arrival_maybe_door_vault, layout_basic, minmay_tall_x
D:2:      layout_rooms, uniq_natasha, uniq_robin
D:4:      layout_rooms, minmay_temple_entry_mini_moons,
          lightli_ossuary_entry_decrepit_ruins, uniq_blork_the_orc
Temple:   nicolae_temple_bog_church

Skill      XL: |  1  2  3  4  5  6 |
---------------+-------------------+-----
Earth Magic    | 4 5 6 7 |  7.0
Conjurations   | 1 2 |  2.4
Dodging        | |  2.0
Stealth        | |  2.6
Spellcasting   | |  2.0
Transmutations | |  1.0

Action                     |  1- 3 |  4- 6 || total
---------------------------+-------+-------++-------
  Melee: Unarmed           |     7 |       ||     7
         Tentacles         |     4 |       ||     4
         Constrict         |     3 |     4 ||     7
         Dagger            |       |     3 ||     3
         Staff             |       |     8 ||     8
   Cast: Sandblast         |    45 |    71 ||   116
         Stone Arrow       |       |    10 ||    10
    Use: Scroll            |       |     2 ||     2
         Potion            |       |     1 ||     1
 Armour: Skin              |     3 |     4 ||     7
  Dodge: Dodged            |    16 |    32 ||    48
